 Dungeon Crawl Stone Soup version 0.27-a0-972-gd1521fd518 (webtiles) character file.

Game seed: 2817623282182260112

1543 kae the Ruffian (level 8, -10/66 HPs)
             Began as a Red Draconian Transmuter on Apr 13, 2021.
             Was a Follower of Ru.
             Mangled by an ice beast (12 damage)
             ... on level 5 of the Dungeon.
             The game lasted 00:05:36 (8257 turns).

kae the Ruffian (Red Draconian Transmuter)          Turns: 8257, Time: 00:05:36

Health: -10/66     AC:  6    Str: 14    XL:     8   Next: 56%
Magic:  13/13      EV: 13    Int: 14    God:    Ru [*.....]
Gold:   199        SH:  0    Dex: 12    Spells: 1/14 levels left

rFire    + . .     SeeInvis +     - Unarmed
rCold    . . .     Faith    .   (no shield)
rNeg     . . .     Spirit   .   (armour unavailable)
rPois    .         Reflect  .   (helmet restricted)
rElec    .         Harm     .   (no cloak)
rCorr    .         Rampage  .   (no gloves)
Will     .....                  (no boots)
Stlth    ++........             (no amulet)
HPRegen  0.21/turn              b - ring of see invisible
MPRegen  0.13/turn              (no ring)

@: lethally poisoned (-10 -> -18), slowed, very slow
A: breathe fire, AC +6, unfitting armour, fire resistance 1, cold-blooded, hated
by all
a: Breathe Fire, Renounce Religion


You were on level 5 of the Dungeon.
You worshipped Ru.
Ru was aware of your devotion.
You visited 2 branches of the dungeon, and saw 7 of its levels.

You collected 199 gold pieces.

Inventory:

Missiles
 d - a throwing net
Jewellery
 b - a ring of see invisible (left hand)
Wands
 j - a wand of polymorph (9)
Scrolls
 a - 3 scrolls of teleportation
Potions
 c - a potion of brilliance
 e - a potion of magic
 f - a potion of attraction {unknown}
 i - 4 potions of curing
 l - a potion of flight {unknown}


   Skills:
 + Level 4.0 Fighting
 + Level 3.8 Dodging
 + Level 3.2 Stealth
 * Level 5.9 Unarmed Combat
 + Level 3.9 Spellcasting
 * Level 5.5 Transmutations
 * Level 0.3 Ice Magic
 - Level 2.0 Poison Magic


You had one spell level left.
You knew the following spells:

 Your Spells              Type           Power      Damage    Failure   Level
a - Beastly Appendage     Tmut           36%        N/A       1%          1
b - Spider Form           Tmut/Pois      6%         N/A       12%         3
c - Ice Form              Ice/Tmut       11%        N/A       50%         4
d - Hydra Form            Tmut           9%         N/A       50%         5

Your spell library contained the following spells:

 Spells                   Type           Power      Damage    Failure   Level
 Magic Dart               Conj           8%         1d3       21%         1
 Wereblood                Tmut           18%        N/A       3%          2
 Blink                    Tloc           N/A        N/A       30%         2
 Slow                     Hex            2%         N/A       30%         2
 Mephitic Cloud           Conj/Pois/Air  4%         N/A       41%         3
 Conjure Flame            Conj/Fire      2%         6-21      52%         3
 Call Imp                 Summ           Unusable   N/A       N/A         2

Dungeon Overview and Level Annotations

Branches:
Dungeon (6/15)             Temple (1/1) D:5

Altars:
Ashenzari
Cheibriados
Dithmenos
Elyvilon
Fedhas
Gozag
Makhleb
Nemelex Xobeh
Okawaru
Qazlal
Ru
Sif Muna
Trog
Uskayaw
Vehumet
Wu Jian
Xom
Yredelemnul
Zin
The Shining One


Innate Abilities, Weirdness & Mutations

You can breathe blasts of fire.
Your fiery red scales are hard. (AC +6)
You cannot fit into any form of body armour.
Your flesh is heat resistant. (rF+)
You are cold-blooded and may be slowed by cold attacks.
You are hated by all.


Message History

The water moccasin zombie barely misses you.
The water moccasin closely misses you.
You hit the water moccasin.
The water moccasin is lightly wounded.
Your transformation has ended.
The water moccasin zombie barely misses you.
The water moccasin bites you!
You are poisoned.
The water moccasin poisons you!
You closely miss the water moccasin.
The water moccasin is lightly wounded.
You feel very sick. The water moccasin bites you.
The water moccasin zombie bites you. The ice beast barely misses you.
You feel very sick. The water moccasin bites you.
You are more poisoned.
The water moccasin poisons you!
The water moccasin zombie completely misses you.
The ice beast hits you. The ice beast freezes you!
You feel yourself slow down. The jelly barely misses you.
The water moccasin bites you.
You climb upwards.
You feel yourself speed up.
* * * LOW HITPOINT WARNING * * *
You feel extremely sick.
There is a stone staircase leading down here.
Okay, then.
Okay, then.
* * * LOW HITPOINT WARNING * * *
You feel very sick.
The water moccasin is stunned by your conviction and fails to attack.
The ice beast hits you but does no damage.
* * * LOW HITPOINT WARNING * * *
You feel very sick. The water moccasin misses you.
* * * LOW HITPOINT WARNING * * *
You feel sick. The ice beast hits you.
* * * LOW HITPOINT WARNING * * *
The ice beast freezes you!
You feel yourself slow down.
You die...

........#######.##########.###.#
######.......................#.#
#..........##########.#.#.#
#.......................#.#
######.............#########.#.#
........######.....#########.#.#
...................>.........#.#
######..######.#.YJ.########.#<#
# #..........@S..# #.#.# #
####..####.#.#..#.##########.## #
#............#................#
#######..###.####.#.##########.##
.....###'#.#........# #.#
..............#.....## #.#
..............#......# #.#
..............#......# #.#
.....###...#.....#...# #.#


You could see a water moccasin, an ice beast and a jelly.

Vanquished Creatures
  A steam dragon (D:5)
  Edmund (D:4)
  An ice beast (Temple)
  A sky beast (D:5)
  A necrophage (D:4)
  3 ogres (D:5)
  A bullfrog (D:5)
  A gnoll sergeant (D:5)
  A howler monkey (D:5)
  A bullfrog zombie (D:4)
  2 orc priests
  4 hounds
  A bullfrog skeleton (D:5)
  3 iguanas (D:5)
  3 orc wizards
  3 gnolls
  10 adders
  A white imp (D:4)
  2 worms (D:2)
  2 dart slugs
  16 orcs
  7 endoplasms
  4 giant cockroaches
  4 goblins
  7 hobgoblins
  7 jackals
  6 kobolds
  3 quokkas
  4 ball pythons
  5 bats
  15 frilled lizards
  3 rats
124 creatures vanquished.

Notes
Turn   | Place    | Note
-------+----------+-------------------------------------------
     0 | D:1      | kae the Draconian Transmuter began the quest for the Orb.
     0 | D:1      | Reached XP level 1. HP: 16/16 MP: 3/3
   407 | D:1      | Reached XP level 2. HP: 23/23 MP: 3/5
   725 | D:1      | You fall into a shaft and drop 1 floor!
  1327 | D:2      | Reached XP level 3. HP: 22/28 MP: 4/6
  1338 | D:2      | Learned a level 3 spell: Spider Form
  1674 | D:2      | Found a snail-covered altar of Cheibriados.
  2029 | D:2      | Found a faded altar of an unknown god.
  2371 | D:2      | Reached XP level 4. HP: 35/35 MP: 7/7
  2809 | D:3      | Found a hide-covered altar of Uskayaw.
  2896 | D:3      | Reached skill level 1 in Stealth
  3107 | D:3      | Reached skill level 1 in Poison Magic
  3111 | D:3      | Reached XP level 5. HP: 30/41 MP: 1/8
  3805 | D:4      | Found a broken altar of Ashenzari.
  3805 | D:4      | Found an ornate altar of the Wu Jian Council.
  4042 | D:4      | Noticed Edmund
  4065 | D:4      | Killed Edmund
  4066 | D:4      | Reached XP level 6. HP: 9/50 MP: 7/10
  4169 | D:5      | Entered Level 5 of the Dungeon
  4419 | D:5      | Found a staircase to the Ecumenical Temple.
  4438 | Temple   | Entered the Ecumenical Temple
  4688 | Temple   | Became a worshipper of Ru the Awakened
  4905 | D:5      | Noticed an ice beast
  4984 | Temple   | Killed an ice beast
  4985 | Temple   | Your scales start taking on a fiery red colour.
  4985 | Temple   | Reached XP level 7. HP: 12/56 MP: 7/11
  4985 | Temple   | Gained mutation: Your flesh is heat resistant. (rF+) [Red
                  | Draconian growth]
  5582 | D:5      | Reached skill level 5 in Unarmed Combat
  6531 | D:5      | Reached XP level 8. HP: 61/63 MP: 9/13
  6750 | D:5      | Found a glowing silver altar of Zin.
  6763 | D:5      | Reached skill level 5 in Transmutations
  6909 | D:5      | Found a shimmering altar of Xom.
  6910 | D:5      | Found a glowing golden altar of the Shining One.
  7236 | D:5      | Gained mutation: You are hated by all. [Ru sacrifice]
  7236 | D:5      | Reached * piety under Ru
  8210 | D:5      | Learned a level 4 spell: Ice Form
  8216 | D:5      | Learned a level 5 spell: Hydra Form
  8257 | D:5      | HP: 2/66 [ice beast (3)]
  8257 | D:5      | Mangled by an ice beast

Illustrated notes

Levels and vault maps discovered:
D:1:      minmay_arrival_shoal_huts, layout_basic
D:2:      layout_basic, chequers_ecumenical_altar_twisty, basic_altar,
          minmay_lizard_pond
D:3:      layout_basic, amcnicky_altar_gilded
D:4:      layout_basic, amethyst_overflow_temple_binary,
          kennysheep_small_spiral, eino_small_chamber_without_monster,
          uniq_edmund
D:5:      layout_basic, gammafunk_temple_overflow_statue, kennysheep_mini,
          minmay_temple_entry_hall, mrwooster_statue_mirror
D:6:      layout_gridville, enter_ossuary_3, minmay_chambers_of_fives
Temple:   eino_temple_water

Skill      XL: |  1  2  3  4  5  6  7  8 |
---------------+-------------------------+-----
Dodging        | 2 3 |  3.8
Stealth        | 1 2 3 |  3.2
Poison Magic   | 1 2 |  2.0
Transmutations | 3 4 5 |  5.5
Fighting       | 2 3 4 |  4.0
Unarmed Combat | 4 5 |  5.9
Spellcasting   | 3 |  3.9
Ice Magic      | |  0.3

Action                   |  1- 3 |  4- 6 |  7- 9 || total
-------------------------+-------+-------+-------++-------
Melee: Unarmed           |   164 |   131 |   194 ||   489
       Kick              |    20 |    14 |       ||    34
       Tailslap          |     9 |     7 |     1 ||    17
       Headbutt          |     7 |     7 |       ||    14
       Punch             |       |     1 |       ||     1
 Cast: Beastly Appendage |    24 |    10 |       ||    34
       Spider Form       |       |     8 |    28 ||    36
Invok: Sacrifice Love    |       |       |     1 ||     1
 Abil: Breathe Fire      |       |       |     1 ||     1
  Use: Scroll            |     4 |     4 |     4 ||    12
       Potion            |       |     7 |       ||     7
 Stab: Sleeping          |     2 |     2 |       ||     4
Armor: Skin              |    54 |    55 |    13 ||   122
Dodge: Dodged            |   113 |   129 |   188 ||   430

Table legend: (Time is in decaauts)
 A = Elapsed time spent in this place.
 B = Non-inter-level travel time spent in this place.
 C = Inter-level travel time spent in this place.
 D = Time resting spent in this place.
 E = Time spent auto-exploring this place.
 F = Levels seen in this place.
 G = Mean time per level.
                   A        B        C        D        E       F      G
               +--------+--------+--------+--------+--------+-----+--------+
         Total |   8236 |   7981 |    255 |   1473 |   5286 |   7 | 1176.6 |
       Dungeon |   7380 |   7175 |    205 |    937 |   5070 |   6 | 1230.0 |
        Temple |    856 |    806 |     50 |    536 |    216 |   1 |  856.0 |
               +--------+--------+--------+--------+--------+-----+--------+

Top non-repeatable levels by time:
     D:5: 2254 daAuts
     D:2: 1630 daAuts
     D:4: 1236 daAuts
     D:1: 1175 daAuts
     D:3: 1072 daAuts
  Temple: 856 daAuts
     D:6: 9 daAuts
